AoeStats
← Winning here (!)

Arena

504229184Analyzed
4v4 RM · 29d ago on Sep 4, 2026· 47m 52s· 8 players
Game mode
Random Map
Map size
Large (8 player)
Population
200
Speed
Normal
Resources
Standard
Victory
Conquest
Starting age
Dark Age
Ending age
Imperial Age
RankedLock teamsTeams togetherTeam positionsShared explorationLock speedFull tech treeHidden civsTurbo modeCheats
Victory
Defeat
🇨🇭 Goths · Switzerland
834
+11
🇺🇸 Vietnamese · United States
820
+12
🇺🇸 Slavs · United States
743
+15
741
+15
🇨🇳 Franks · China
829
-17
🇦🇺 Celts · Australia
754
-15
🇬🇧 Armenians · United Kingdom
661
-11
🇧🇷 Inca · Brazil
656
-10
ItsRiZeTV
7:08 Loom
10:52 Feudal Age
12:46 Wheelbarrow
12:05 Double-Bit Axe
19:30 Castle Age
17:51 Horse Collar
18:44 Stone Mining
20:31 Bow Saw
20:23 Heavy Plow
21:25 Gold Mining
23:35 Husbandry
23:47 Bloodlines
25:55 Gold Shaft Mining
27:15 Hand Cart
32:22 Scale Barding Armor
32:27 Forging
33:48 Town Watch
37:10 Imperial Age
35:36 Detinets
37:53 Chain Barding Armor
38:08 Iron Casting
39:22 Masonry
39:25 Careening
39:15 Murder Holes
39:31 Fortified Wall
40:58 Two-Man Saw
41:46 Plate Barding Armor
42:11 Blast Furnace
41:49 Elite Boyar
46:43 Crop Rotation
46:48 Caravan
47:49 Conscription
Salmonella
11:13 Feudal Age
14:47 Castle Age
14:35 Double-Bit Axe
14:33 Horse Collar
15:37 Bow Saw
22:20 Wheelbarrow
24:08 Hand Cart
28:18 Imperial Age
26:10 Heavy Plow
26:59 Padded Archer Armor
26:49 Fletching
27:28 Loom
28:24 Ballistics
27:59 Gold Mining
28:01 Stone Mining
28:50 Thumb Ring
29:03 Leather Archer Armor
28:43 Bodkin Arrow
30:14 Chemistry
28:52 Elite Skirmisher
29:51 Imperial Skirmisher
31:03 Ring Archer Armor
32:06 Two-Man Saw
31:27 Bracer
32:27 Scale Mail Armor
32:37 Forging
33:14 Elite Rattan Archer
35:29 Siege Engineers
36:26 Elite Fire Lancer
38:19 Chain Mail Armor
38:39 Iron Casting
JurassicMark
11:30 Feudal Age
14:16 Horse Collar
14:25 Double-Bit Axe
18:32 Castle Age
25:30 Bow Saw
26:20 Heavy Plow
28:46 Stone Mining
28:52 Gold Mining
30:54 Wheelbarrow
31:07 Stone Shaft Mining
31:23 Caravan
31:38 Forging
31:28 Scale Mail Armor
33:25 Iron Casting
35:16 Hand Cart
39:14 Imperial Age
36:48 Anarchy
37:07 Chain Mail Armor
37:01 Squires
37:44 Pikeman
39:16 Halberdier
40:53 Conscription
40:51 Perfusion
40:13 Elite Huskarl
42:16 Two-Man Saw
41:49 Crop Rotation
44:03 Blast Furnace
I QUIT FOR THE SICK MAP
11:16 Feudal Age
14:49 Castle Age
12:42 Double-Bit Axe
13:03 Horse Collar
15:14 Wheelbarrow
16:12 Bow Saw
17:32 Heavy Plow
23:11 Hand Cart
24:10 Gold Mining
24:56 Stone Mining
26:25 Scale Barding Armor
26:20 Padded Archer Armor
26:11 Fletching
30:59 Imperial Age
28:16 Loom
29:15 Chain Barding Armor
28:48 Treadmill Crane
30:36 Gold Shaft Mining
30:18 Leather Archer Armor
29:59 Bodkin Arrow
30:16 Bloodlines
30:07 Husbandry
30:53 Ballistics
31:44 Bracer
32:15 Ring Archer Armor
32:23 Plate Barding Armor
32:19 Ring Archer Armor
31:49 Bracer
31:57 Thumb Ring
32:17 Parthian Tactics
32:44 Corvinian Army
33:05 Conscription
33:16 Conscription
34:23 Chemistry
32:50 Elite Magyar Huszar
34:07 Heavy Cavalry Archer
36:05 Two-Man Saw
35:55 Crop Rotation
37:33 Recurve Bow
39:37 Masonry
39:25 Murder Holes
47:44 Spies/Treason
Winning here (!)
5:29 Loom
12:11 Feudal Age
13:10 Double-Bit Axe
14:01 Horse Collar
15:45 Wheelbarrow
19:24 Castle Age
19:25 Gold Mining
19:01 Man-at-Arms
20:48 Scale Mail Armor
20:59 Forging
23:31 Bow Saw
24:31 Heavy Plow
25:10 Gold Shaft Mining
24:29 Stone Mining
27:05 Hand Cart
29:12 Chain Mail Armor
29:33 Iron Casting
29:11 Pikeman
34:54 Imperial Age
32:22 Halberdier
33:02 Squires
32:57 Fletching
34:52 Bodkin Arrow
38:04 Fervor
38:18 Sanctity
38:12 Fervor
41:08 Chemistry
40:06 Murder Holes
40:21 Masonry
40:32 Ballistics
Pro
15:07 Feudal Age
20:16 Castle Age
18:48 Horse Collar
18:56 Double-Bit Axe
19:09 Gold Mining
21:53 Caravan
23:00 Bow Saw
24:23 Stone Mining
24:38 Man-at-Arms
25:28 Scale Mail Armor
26:24 Stone Shaft Mining
26:50 Wheelbarrow
26:03 Town Watch
25:48 Long Swordsman
26:15 Gambesons
26:18 Arson
27:36 Chain Mail Armor
28:42 Wheelbarrow
30:03 Fletching
30:54 Stronghold
31:27 Hand Cart
30:45 Pikeman
32:09 Town Watch
34:55 Heavy Plow
35:50 Gold Shaft Mining
35:14 Bodkin Arrow
40:37 Imperial Age
41:42 Conscription
DiogoMF
8:43 Loom
10:54 Feudal Age
12:17 Wheelbarrow
11:30 Double-Bit Axe
11:36 Gold Mining
11:36 Stone Mining
12:05 Horse Collar
20:05 Town Watch
21:01 Champi Runner
21:50 Scale Mail Armor
22:01 Forging
21:42 Fletching
21:52 Padded Archer Armor
25:49 Castle Age
27:42 Hand Cart
27:29 Heavy Plow
27:40 Bow Saw
28:05 Gold Shaft Mining
28:06 Stone Shaft Mining
27:41 Caravan
28:11 Coinage
29:56 Chain Mail Armor
30:17 Iron Casting
29:37 Bodkin Arrow
30:19 Squires
34:28 Leather Archer Armor
36:28 Iron Casting
36:06 Champi Warrior
38:47 Andean Sling
38:10 Elite Skirmisher
38:17 Elite Skirmisher
40:33 Andean Sling
wm_1938
8:28 Loom
10:41 Feudal Age
15:56 Castle Age
16:51 Double-Bit Axe
18:08 Bow Saw
23:17 Stone Mining
26:27 Gold Mining
27:59 Gold Shaft Mining
29:59 Scale Barding Armor
30:04 Forging
32:31 Imperial Age
32:01 Chain Barding Armor
32:16 Iron Casting
31:42 Scale Mail Armor
31:26 Pikeman
32:06 Squires
31:51 Gambesons
31:52 Arson
33:16 Ballistics
34:01 Plate Barding Armor
32:47 Cavalier
33:28 Husbandry
33:50 Conscription
34:06 Hoardings
33:20 Halberdier
35:55 Chemistry
35:38 Paladin
40:30 Chain Mail Armor
40:44 Man-at-Arms
45:09 Elite Skirmisher
46:54 Blast Furnace
46:24 Plate Mail Armor
45:55 Padded Archer Armor
45:45 Fletching
Connection lost

Rejoining the realm…

Still unreachable

The connection could not be restored.

Session expired

The server has moved on; the page needs a fresh start.